 Dungeon Crawl Stone Soup version 0.26-a0-34-g9e0bf03 (webtiles) character file.

Game seed: 893820754918441472, levelgen mode: deterministic

2055 wirefist the Grappler (level 9, -1/83 HPs)
             Began as a Troll Berserker on May 30, 2020.
             Was an Elder of Trog.
             Slain by a sky beast (6 damage)
             ... on level 6 of the Dungeon.
             The game lasted 00:12:19 (5104 turns).

wirefist the Grappler (Troll Berserker)             Turns: 5104, Time: 00:12:19

Health: -1/83      AC:  6    Str: 30    XL:     9   Next: 5%
Magic:  8/8        EV: 11    Int:  3    God:    Trog [****..]
Gold:   259        SH:  0    Dex:  9    Spells: 8/8 levels left

rFire    . . .     SeeInvis .     - Unarmed
rCold    . . .     Gourm    +   (no shield)
rNeg     . . .     Faith    .   a - +0 animal skin
rPois    .         Spirit   .   (helmet restricted)
rElec    .         Reflect  .   (no cloak)
rCorr    .         Harm     .   (gloves unavailable)
MR       ++...                  (boots unavailable)
Stlth    ++........             (no amulet)
HPRegen  1.63/turn              (no ring)
MPRegen  0.11/turn              (no ring)

@: lethally poisoned (-1 -> -1), mesmerised, regenerating
A: large, unfitting armour, claws 3, fast metabolism 3, gourmand, regeneration
1, shaggy fur 1, tough skin 3
a: Berserk, Trog's Hand, Brothers in Arms, Renounce Religion


You were on level 6 of the Dungeon.
You worshipped Trog.
Trog was greatly pleased with you.
You were very full.

You visited 2 branches of the dungeon, and saw 7 of its levels.
You also visited: Ossuary.

You collected 259 gold pieces.

Inventory:

Armour
 a - a +0 animal skin (worn)
 f - a +0 buckler
 n - a +0 kite shield
Jewellery
 l - an uncursed ring of ice
Wands
 c - a wand of clouds (5)
 m - a wand of acid (10)
 q - a wand of iceblast (3)
 v - a wand of paralysis (9)
Scrolls
 e - 2 scrolls of blinking {unknown}
 h - a scroll of remove curse
 i - 3 scrolls of teleportation
 k - 7 scrolls of identify
 w - a scroll of noise {unknown}
 y - a scroll of immolation {unknown}
Potions
 d - 2 potions of berserk rage {unknown}
 g - a potion of invisibility
 j - 3 potions of heal wounds {unknown}
 o - 3 potions of might
 p - 2 potions of flight {unknown}
 r - a potion of degeneration {unknown}
 s - a potion of magic {unknown}
 t - 2 potions of curing
 u - 2 potions of brilliance {unknown}
Comestibles
 b - 11 rations


   Skills:
 + Level 3.4 Fighting
 + Level 4.8 Dodging
 + Level 2.1 Stealth
 * Level 3.4 Shields
 + Level 9.1 Unarmed Combat


You had 8 spell levels left.
You didn't know any spells.
Your spell library contained the following spells:

 Spells                   Type           Power        Failure   Level  Hunger
 Beastly Appendage        Tmut           #.....       52%         1    ##.....
 Sticks to Snakes         Tmut           #.......     67%         2    ###....
 Spider Form              Tmut/Pois      #.........   88%         3    ####...
 Ice Form                 Ice/Tmut       #.......     99%         4    #####..
 Blade Hands              Tmut           #.........   100%        5    ######.


Dungeon Overview and Level Annotations

Branches:
Dungeon (6/15)             Temple (1/1) D:4         Ossuary (visited)

Altars:
Ashenzari
Cheibriados
Dithmenos
Elyvilon
Fedhas
Gozag
Hepliaklqana
Kikubaaqudgha
Makhleb
Nemelex Xobeh
Okawaru
Qazlal
Ru
Sif Muna
Trog
Vehumet
Wu Jian
Xom
Yredelemnul
Zin
The Shining One

Portals:
Abyss: D:6

Annotations:
D:6 2 transporters, HeliumTrimp's ghost, novice DEFE; Maggie


Innate Abilities, Weirdness & Mutations

You are too large for most types of armour.
You have claws for hands.
Your metabolism is lightning-fast.
You like to eat raw meat.
Your natural rate of healing is unusually fast.
You are covered in fur. (AC +1)
You have extremely tough skin. (AC +3)


Message History

The jackal bites you but does no damage.
The phantom hits you!
* * * LOW HITPOINT WARNING * * *
Maggie hits you from afar with a +0 glaive of flaming.
* * * LOW HITPOINT WARNING * * *
Maggie burns you.
* * * LOW HITPOINT WARNING * * *
The sky beast hits you.
* * * LOW HITPOINT WARNING * * *
The sky beast shocks you.
* * * LOW HITPOINT WARNING * * *
You scratch the sky beast but do no damage.
The jackal bites you.
* * * LOW HITPOINT WARNING * * *
The phantom barely misses you.
The sky beast flickers out of sight!
Deactivating autopickup; reactivate with Ctrl-A.
Something hits you.
* * * LOW HITPOINT WARNING * * *
Something shocks you.
You die...

.#......###.##.#... #
##....#####....#............#
#........#...####...........#
.....###....#### ...........#
...>.####......# ...<......#
#...##....### .........#
##..##.##..##### ........#
##..##.###.....######.†.....##
##.....# #####..@{≈...........
##..#### ##.Wh@....†......
#...# #....)........## #...#
#.............# #..##
#........###### ...#
########## ...# ####


You could see Maggie (mesmerising), a phantom and a jackal.

Vanquished Creatures
  Prince Ribbit (D:5)
  Grinder (D:4)
  2 wraiths (Ossuary)
  3 sky beasts (D:5)
  A phantom (D:5)
  An ogre (D:6)
  A wyvern skeleton (D:6)
  A scorpion (D:4)
  A water moccasin skeleton (D:6)
  3 wights (Ossuary)
  A centaur zombie (D:5)
  3 hounds
  2 orc priests
  2 orc wizards
  Ijyb (D:4)
  Natasha (thrice) (D:4)
  3 worker ants
  A worker ant zombie (D:5)
  9 adders
  An ooze (D:3)
  2 adder zombies (Ossuary)
  An adder skeleton (D:6)
  3 worms
  2 dart slugs (D:1)
  4 leopard geckos
  21 orcs
  A ball python (D:3)
  4 giant cockroaches
  6 goblins
  3 hobgoblins
  7 jackals
  6 quokkas
  2 ball python skeletons (Ossuary)
  6 bats
  2 frilled lizards
  2 hobgoblin zombies (Ossuary)
  10 kobolds
  A kobold zombie (Ossuary)
  A leopard gecko skeleton (D:4)
  2 orc skeletons (Ossuary)
  A quokka zombie (D:6)
  9 rats
137 creatures vanquished.

Notes
Turn   | Place    | Note
-------+----------+-------------------------------------------
     0 | D:1      | wirefist the Troll Berserker began the quest for the Orb.
     0 | D:1      | Reached XP level 1. HP: 22/22 MP: 0/0
     2 | D:1      | Noticed a troll
     2 | D:1      | Noticed a demigod
     4 | D:1      | Noticed a vine stalker
     4 | D:1      | Noticed a merfolk
     6 | D:1      | Noticed an elf
     8 | D:1      | Noticed a naga
     8 | D:1      | Noticed an octopode
    10 | D:1      | Noticed an ogre
    10 | D:1      | Noticed a minotaur
    12 | D:1      | Noticed a halfling
    12 | D:1      | Noticed a dwarf
    14 | D:1      | Noticed a centaur
    14 | D:1      | Noticed a gargoyle
    16 | D:1      | Noticed a felid
    16 | D:1      | Noticed a draconian
    18 | D:1      | Noticed a human
    18 | D:1      | Noticed a ghoul
    20 | D:1      | Noticed a tengu
    20 | D:1      | Noticed a demonspawn
    22 | D:1      | Noticed a vampire
    22 | D:1      | Noticed a spriggan
    26 | D:1      | Noticed a formicid
   113 | D:1      | Reached XP level 2. HP: 29/29 MP: 1/1
   767 | D:2      | Reached XP level 3. HP: 27/36 MP: 2/2
   924 | D:2      | Reached ** piety under Trog
   955 | D:2      | Reached XP level 4. HP: 44/44 MP: 3/3
  1179 | D:2      | Reached skill level 4 in Unarmed Combat
  2258 | D:4      | Reached XP level 5. HP: 44/52 MP: 4/4
  2381 | D:4      | Noticed Grinder
  2384 | D:4      | Paralysed by Grinder for 2 turns
  2389 | D:4      | Killed Grinder
  2389 | D:4      | Reached skill level 5 in Unarmed Combat
  2389 | D:4      | Reached XP level 6. HP: 61/61 MP: 5/5
  2449 | D:4      | Found a staircase to the Ecumenical Temple.
  2451 | D:4      | Noticed Natasha
  2461 | D:4      | Killed Natasha
  2463 | D:4      | Reached skill level 6 in Unarmed Combat
  2464 | D:4      | Reached *** piety under Trog
  2485 | Temple   | Entered the Ecumenical Temple
  2879 | D:4      | Noticed Ijyb
  2889 | D:4      | Killed Ijyb
  2890 | D:4      | Reached skill level 1 in Shields
  2918 | D:4      | Noticed Natasha
  2967 | D:4      | Killed Natasha
  2967 | D:4      | Reached XP level 7. HP: 64/67 MP: 6/6
  3267 | D:4      | Noticed Natasha
  3272 | D:4      | Killed Natasha
  3272 | D:4      | Reached skill level 1 in Stealth
  3519 | D:5      | Entered Level 5 of the Dungeon
  3594 | D:5      | Reached skill level 7 in Unarmed Combat
  3601 | D:5      | HP: 3/67 [poisoned by an orc wizard]
  3606 | D:5      | HP: 2/67 [poisoned by an orc wizard]
  3611 | D:5      | HP: 2/67 [poisoned by an orc wizard]
  3616 | D:5      | HP: 3/67 [poisoned by an orc wizard]
  3860 | D:5      | Found a sand-covered staircase.
  3868 | Ossuary  | Entered an ossuary
  3997 | Ossuary  | Noticed a flying skull
  3997 | Ossuary  | Noticed a wraith
  4011 | Ossuary  | Reached XP level 8. HP: 75/75 MP: 7/7
  4034 | Ossuary  | Noticed a flying skull
  4061 | Ossuary  | Noticed a flying skull
  4090 | Ossuary  | Reached skill level 8 in Unarmed Combat
  4337 | D:5      | Reached **** piety under Trog
  4538 | D:5      | Noticed Prince Ribbit
  4553 | D:5      | Killed Prince Ribbit
  4738 | D:5      | You fall into a shaft and drop 1 floor!
  4748 | D:6      | Found a one-way gate to the infinite horrors of the Abyss.
  4748 | D:6      | Noticed HeliumTrimp's ghost (novice DEFE)
  4831 | D:6      | Reached skill level 9 in Unarmed Combat
  4831 | D:6      | Reached XP level 9. HP: 83/83 MP: 8/8
  5011 | D:6      | Found a transporter.
  5036 | D:6      | Found a transporter.
  5039 | D:6      | Noticed an ancient zyme
  5083 | D:6      | Noticed Maggie
  5104 | D:6      | Slain by a sky beast

Illustrated notes

Levels and vault maps discovered:
D:1:      kb_arrival_jail, layout_basic, chequers_serial_rivers_micro_b
D:2:      layout_loops_cross, first_ration, serial_rivers,
          chequers_serial_rivers_small_3, chequers_serial_rivers_small_3,
          chequers_serial_rivers_marsh, chequers_serial_rivers_room_a
D:3:      layout_loops_ring, grunt_ministairs_13, amethyst_killhole,
          serial_bayou_crossing
D:4:      layout_loops_corners, minmay_temple_entry_large_hall, uniq_ijyb,
          uniq_grinder, uniq_natasha
D:5:      layout_basic, chequers_ossuary_entry_cave, portal_sewer_entry_d,
          minmay_misc_feat_rugged, uniq_prince_ribbit1
D:6:      layout_rooms, gammafunk_ghost_abyssal_escape, uniq_maggie
Temple:   regret_index_temple_sigil_plot

Skill      XL: |  1  2  3  4  5  6  7  8 |
---------------+-------------------------+-----
Dodging        | 3 4 |  4.8
Unarmed Combat | 4 5 6 7 9 |  9.1
Fighting       | 3 |  3.4
Shields        | 1 2 3 |  3.4
Stealth        | 1 2 |  2.1

Action                   |  1- 3 |  4- 6 |  7- 9 || total
-------------------------+-------+-------+-------++-------
Melee: Unarmed           |    91 |    93 |   199 ||   383
       Punch             |     3 |     2 |     6 ||    11
Invok: Berserk           |       |     3 |     2 ||     5
       Trog's Hand       |       |       |     1 ||     1
  Use: Potion            |       |     5 |       ||     5
       Scroll            |       |     4 |       ||     4
 Stab: Sleeping          |       |     1 |     4 ||     5
  Eat: Chunk             |    14 |    20 |    23 ||    57
Armor: Animal skin       |    35 |    35 |    57 ||   127
Dodge: Dodged            |    62 |    42 |   105 ||   209

Table legend:
 A = Non-vault XP
 B = Vault XP
 C = Vault XP percentage of total XP
 D = Non-vault monster count
 E = Vault monster count
 F = Vault count percentage of total count
                 A         B        C        D         E       F
            +---------+---------+-------+---------+---------+-------
      Total |    1685 |    1251 |  42.6 |     116 |      21 |  15.3
            +---------+---------+-------+---------+---------+-------
        D:1 |      26 |       0 |   0.0 |      15 |       0 |   0.0
        D:2 |     106 |       0 |   0.0 |      28 |       0 |   0.0
        D:3 |      35 |       4 |  10.3 |      16 |       2 |  11.1
        D:4 |     368 |     325 |  46.9 |      16 |       3 |  15.8
        D:5 |     728 |     299 |  29.1 |      24 |       2 |   7.7
        D:6 |     422 |       0 |   0.0 |      17 |       0 |   0.0
    Ossuary |       0 |     623 | 100.0 |       0 |      14 | 100.0
            +---------+---------+-------+---------+---------+-------
